 Dungeon Crawl Stone Soup version 0.18.1-50-g88ac8fd (webtiles) character file.

149908 nikopol the Impaler (level 16, -38/220 HPs)
             Began as a Minotaur Berserker on Sept 17, 2016.
             Was the Champion of Trog.
             Annihilated by a titanic slime creature (77 damage)
             ... on level 3 of the Swamp.
             The game lasted 01:42:51 (35217 turns).

nikopol the Impaler (Minotaur Berserker)           Turns: 35217, Time: 01:42:52

Health: -38/220    AC: 24    Str: 30    XL:     16   Next: 97%
Magic:  0/24       EV: 20    Int:  4    God:    Trog [******]
Gold:   2230       SH:  0    Dex: 16    Spells: 0 memorised, 15 levels left

rFire  . . .     SeeInvis .     a - +7 bardiche (chop)
rCold  . . .     Gourm    .     H - +3 scale mail of Supple Strength {rPois MP+9}
rNeg   . . .     Faith    .     (shield currently unavailable)
rPois  +         Spirit   +     B - +1 hat
rElec  .         Dismiss  .     S - +2 cloak
rCorr  .         Reflect  .     K - +2 pair of gloves
SustAt .         Harm     .     v - +1 pair of boots
MR     ++...                    b - amulet of guardian spirit
Stlth  ..........               y - +5 ring of slaying
                                T - ring of protection from magic

@: berserking, very quick, very resistant to hostile enchantments, extremely
unstealthy
A: retaliatory headbutt, horns 2, strong 1, no device heal 1
a: Berserk, Trog's Hand, Brothers in Arms, Burn Spellbooks, Renounce Religion


You were on level 3 of the Swamp.
You worshipped Trog.
Trog was exalted by your worship.
You were hungry.

You visited 4 branches of the dungeon, and saw 28 of its levels.

You collected 2562 gold pieces.
You spent 332 gold pieces at shops.

Inventory:

Hand Weapons
 a - a +7 bardiche of chopping (weapon)
 x - the +5 executioner's axe of Dominance {holy, SInv}
   (Trog gifted it to you on level 2 of the Orcish Mines)

   It has been blessed by the Shining One to cause great damage to the undead
   and demons.
   It lets you see invisible.
 z - a +0 shortbow of freezing
 G - a +2 antimagic glaive
Missiles
 u - 776 arrows (quivered)
Armour
 s - a +2 chain mail of fire resistance
 v - a +1 pair of boots (worn)
 B - a +1 hat (worn)
 H - the +3 scale mail of Supple Strength (worn) {rPois MP+9}
   (You bought it in a shop on level 5 of the Dungeon)

   It protects you from poison.
   It affects your magic capacity (+9).
 K - a +2 pair of gloves (worn)
 S - a +2 cloak (worn)
Jewellery
 b - an amulet of guardian spirit (around neck)
 f - an uncursed ring of protection from cold
 k - an uncursed ring of protection from fire
 m - an uncursed ring of sustain attributes
 y - a +5 ring of slaying (right hand)
 Q - an uncursed ring of positive energy
 T - a ring of protection from magic (left hand)
 V - a +6 ring of evasion
Wands
 F - a wand of disintegration (14/24)
 I - a wand of digging (8/24)
Scrolls
 d - 6 scrolls of recharging
 e - a scroll of holy word
 j - 11 scrolls of remove curse
 n - 4 scrolls of fear
 r - a scroll of brand weapon
 A - a scroll of enchant weapon
 D - 5 scrolls of identify
 O - 4 scrolls of teleportation
 R - a scroll of summoning
 X - 3 scrolls of fog
 Z - a scroll of enchant armour
Potions
 g - a potion of ambrosia {unknown}
 h - 5 potions of agility
 i - 2 potions of invisibility
 l - 6 potions of heal wounds
 p - 12 potions of curing
 w - 2 potions of resistance
 C - 5 potions of berserk rage
 E - a potion of might
 J - 2 potions of brilliance
 L - a potion of haste
 P - 2 potions of magic
 U - 4 potions of flight
Comestibles
 c - 17 bread rations
 o - 8 meat rations
 q - 9 chunks of flesh
 t - 8 beef jerkies
 M - 19 royal jellies
 N - 13 fruits
 Y - a slice of pizza


   Skills:
 + Level 14.8 Fighting
 - Level 4.6(13.4) Axes
 * Level 18.9(19.0) Polearms
 + Level 15.4 Bows
 + Level 14.7 Armour
 + Level 13.8 Dodging


You had 15 spell levels left.
You didn't know any spells.

Dungeon Overview and Level Annotations

Branches:
Dungeon (15/15)            Temple (0/1) D:7            Lair (8/8) D:8
  Swamp (3/4) Lair:5       Spider (0/4) Lair:5        Slime (0/6) Lair:6
    Orc (2/2) D:10            Elf (0/3) Orc:2        Vaults (0/5) D:14
 Depths (0/5) D:15

Altars:
Ashenzari
Cheibriados
Elyvilon
Fedhas
Gozag
Kikubaaqudgha
Okawaru
Pakellas
Qazlal
Ru
Sif Muna
Trog
Zin
The Shining One
Beogh
Jiyva

Shops:
D:5 [   D:11 *:   Orc:2 :?}}


Innate Abilities, Weirdness & Mutations

You reflexively headbutt those who attack you in melee.
You have a pair of horns on your head.
Your muscles are strong. (Str +2)
Potions and wands are less effective at restoring your health.


Message History

You completely miss the titanic slime creature.
You headbutt the titanic slime creature.
The titanic slime creature is almost dead.
The titanic slime creature barely misses you.
You hit the titanic slime creature.
The titanic slime creature is almost dead.
The titanic slime creature misses you.
You slash the titanic slime creature!
You headbutt the titanic slime creature!
The titanic slime creature is almost dead.
The titanic slime creature hits you!!!!
Ouch! That really hurt!
* * * LOW HITPOINT WARNING * * *
You are too injured to fight recklessly!
You are too injured to fight recklessly!
A red film seems to cover your vision as you go berserk!
You feel yourself moving faster!
You feel mighty!
You are feeling hungry.
The titanic slime creature hits you!!!!
You die...

.≈≈♣≈ ≈≈≈≈.♣
♣♣♣♣♣♣♣♣♣♣♣♣♣.≈≈≈.♣
......J@.♣≈♣≈≈≈≈≈.♣
.♣♣♣♣♣♣♣.♣♣...≈≈.♣
♣ ♣.♣♣..≈≈≈♣ ♣♣♣.
♣..♣≈.≈..♣ ♣♣≈..
♣♣..≈.≈≈♣ ♣.≈≈♣♣
♣♣♣ ♣♣♣.♣≈≈♣♣ ♣♣
♣≈≈.♣ ♣.♣ ♣≈....♣♣
. ♣..♣♣♣.♣
♣≈≈.≈≈.♣♣ ≈♣.
♣♣.♣†..≈♣♣♣
♣≈≈§≈≈≈.♣


You could see a titanic slime creature.

Vanquished Creatures
  Frances (D:13)
  Kirke (D:15)
  Roxanne (D:15)
  Louise (D:15)
  Snorg (Orc:1)
  Erolcha (Orc:1)
  Josephine (D:15)
  2 rakshasas
  Harold (Orc:1)
  2 catoblepae (Lair:8)
  4 centaur warriors
  16 hydras
  A ghost crab (Swamp:2)
  6 alligators
  A deep troll shaman (Lair:8)
  A death knight (D:13)
  13 death yaks
  Urug (D:10)
  A fire crab (Lair:6)
  Sonja (D:15)
  2 unseen horrors
  The ghost of jombi the Ruffian, a novice TrFi of Qazlal (D:6)
  Pikel (D:6)
  2 lindwurms
  2 shambling mangroves (Swamp:1)
  A phantasmal warrior (D:13)
  11 orc knights
  A wizard (D:15)
  6 swamp dragons
  8 hill giants
  A necromancer (D:15)
  3 hornets
  5 ugly things
  A deep elf mage (D:15)
  An oklob plant (Lair:8)
  3 griffons
  8 cyclopes
  2 manticores
  10 black mambas
  18 elephants
  Psyche (D:10)
  A guardian serpent (D:15)
  2 gargoyles (D:15)
  2 naga magi (D:15)
  4 torpor snails
  A molten gargoyle (Lair:1)
  A freezing wraith (D:13)
  14 komodo dragons
  4 rime drakes
  8 kobold demonologists
  24 spiny frogs
  The ghost of Jromary the Ducker, an amateur TrBe of Trog (D:8)
  A redback zombie (D:15)
  A queen bee (Lair:1)
  7 trolls
  Prince Ribbit (D:5)
  3 polar bears
  2 giant leeches
  4 two-headed ogres
  13 blink frogs
  Grinder (D:3)
  4 slime creatures (Swamp:1)
  5 bog bodies
  A boulder beetle (Lair:7)
  A hornet zombie (D:15)
  2 spriggans (Swamp:1)
  A shadow (D:13)
  A hill giant zombie (D:10)
  8 wyverns
  4 fire bats (D:13)
  7 wraiths
  Grum (D:10)
  5 hogs (D:15)
  A basilisk (Lair:8)
  2 hungry ghosts
  65 yaks
  11 hippogriffs
  Menkaure (D:6)
  5 wargs
  9 vampire mosquitoes
  11 insubstantial wisps (Swamp:2)
  4 mottled dragons
  2 soldier ants (D:8)
  Edmund (D:5)
  11 swamp worms
  21 water moccasins
  16 porcupines
  5 swamp drakes
  5 black bears
  45 orc warriors
  A sky beast (D:15)
  A slave (D:6)
  8 wasps
  An ice beast (D:7)
  18 ogres
  42 wolves
  4 boggarts (D:15)
  A necrophage (D:13)
  2 eyes of draining (D:15)
  7 phantoms
  24 centaurs
  16 crocodiles
  7 big kobolds
  Blork the orc (D:4)
  14 giant frogs
  2 gnoll sergeants
  A wyvern skeleton (D:13)
  6 scorpions
  35 killer bees
  3 electric eels
  5 wights (D:11)
  5 crimson imps
  5 centaur zombies
  2 giant frog zombies
  A quasit (D:10)
  2 lava snakes (D:13)
  11 hounds
  2 jellies
  A giant frog skeleton (D:6)
  22 orc priests
  16 orc wizards
  Crazy Yiuf (D:7)
  5 centaur skeletons
  Ijyb (D:3)
  Natasha (D:3)
  Terence (D:3)
  11 iguanas
  8 worker ants
  A sheep (shapeshifter) (D:15)
  2 killer bee zombies
  24 sheep
  7 ogre zombies (D:10)
  2 hound skeletons
  A worker ant zombie (D:6)
  17 gnolls
  A howler monkey skeleton (D:7)
  14 adders
  80 river rats
  5 shadow imps
  2 oozes
  An adder skeleton (D:8)
  4 worms
  12 dart slugs
  2 giant geckos
  127 orcs
  10 bats
  6 giant cockroaches
  5 goblins
  10 hobgoblins
  21 jackals
  A quokka (D:5)
  2 ball pythons (D:1)
  A giant gecko zombie (D:6)
  4 giant newts
  A goblin skeleton (D:10)
  4 goblin zombies (D:10)
  2 hobgoblin skeletons (D:10)
  A hobgoblin zombie (D:10)
  30 kobolds
  17 orc zombies (D:10)
  A quokka skeleton (D:5)
  7 rats
  3 fire vortices (D:13)
  16 fungi
  4 plants
1237 creatures vanquished.

Vanquished Creatures (others)
  A hornet (Swamp:2)
  2 slaves (D:6)
  A centaur skeleton (D:6)
  2 giant cockroaches (D:6)
  14 fungi
  13 plants
33 creatures vanquished.

Grand Total: 1270 creatures vanquished

Notes
Turn   | Place    | Note
--------------------------------------------------------------
     0 | D:1      | nikopol the Minotaur Berserker began the quest for the Orb.
     0 | D:1      | Reached XP level 1. HP: 19/19 MP: 0/0
    82 | D:1      | Reached XP level 2. HP: 17/27 MP: 1/1
   582 | D:1      | Reached ** piety under Trog
   647 | D:1      | Reached XP level 3. HP: 29/33 MP: 2/2
  1014 | D:1      | Found a sacrificial altar of Ru.
  1410 | D:2      | Found an iron altar of Okawaru.
  1589 | D:2      | Reached XP level 4. HP: 41/41 MP: 3/3
  1880 | D:3      | Reached *** piety under Trog
  2032 | D:3      | Noticed Terence
  2039 | D:3      | Killed Terence
  2039 | D:3      | Reached XP level 5. HP: 32/47 MP: 4/4
  2110 | D:3      | Noticed Ijyb
  2128 | D:3      | Killed Ijyb
  2128 | D:3      | Reached skill level 5 in Fighting
  2209 | D:3      | Noticed Natasha
  2212 | D:3      | Killed Natasha
  2212 | D:3      | Reached skill level 1 in Polearms
  2467 | D:3      | Noticed Grinder
  2470 | D:3      | Reached XP level 6. HP: 34/56 MP: 5/5
  2474 | D:3      | Reached skill level 2 in Polearms
  2492 | D:3      | Paralysed by Grinder for 2 turns
  2504 | D:3      | Killed Grinder
  2504 | D:3      | Reached skill level 3 in Polearms
  2673 | D:3      | Reached XP level 7. HP: 25/62 MP: 6/6
  3055 | D:3      | Found a stormy altar of Qazlal.
  3080 | D:3      | Reached skill level 4 in Polearms
  3131 | D:3      | Reached skill level 5 in Armour
  3372 | D:4      | Reached skill level 5 in Polearms
  3608 | D:4      | Noticed Blork the orc
  3614 | D:4      | Killed Blork the orc
  3616 | D:4      | Reached **** piety under Trog
  3706 | D:4      | Reached skill level 5 in Dodging
  3706 | D:4      | Reached XP level 8. HP: 62/71 MP: 5/7
  3740 | D:4      | Reached skill level 6 in Polearms
  4029 | D:5      | Entered Level 5 of the Dungeon
  4492 | D:5      | Found Fafar's Armour Boutique.
  4508 | D:5      | Noticed Prince Ribbit
  4535 | D:5      | Killed Prince Ribbit
  4535 | D:5      | Reached skill level 7 in Polearms
  4616 | D:5      | Noticed Edmund
  4627 | D:5      | Killed Edmund
  4776 | D:5      | Reached ***** piety under Trog
  4778 | D:5      | Reached XP level 9. HP: 79/79 MP: 8/8
  4927 | D:5      | Reached skill level 8 in Polearms
  5096 | D:6      | Noticed Pikel
  5125 | D:6      | Killed Pikel
  5228 | D:6      | Noticed jombi's ghost (novice TrFi)
  5241 | D:6      | Killed jombi's ghost
  5241 | D:6      | Reached skill level 9 in Polearms
  5547 | D:6      | Noticed Menkaure
  5552 | D:6      | Received a gift from Trog
  5558 | D:6      | Killed Menkaure
  5717 | D:6      | Found an ancient bone altar of Kikubaaqudgha.
  5812 | D:6      | Found a sacrificial altar of Ru.
  5979 | D:6      | Reached skill level 10 in Polearms
  6255 | D:7      | Reached XP level 10. HP: 77/90 MP: 7/9
  6268 | D:7      | Reached skill level 1 in Bows
  6812 | D:7      | Found a staircase to the Ecumenical Temple.
  6976 | D:7      | Noticed Crazy Yiuf
  7013 | D:7      | Killed Crazy Yiuf
  7160 | D:8      | Found an opulent altar of Gozag.
  7279 | D:8      | Noticed Jromary's ghost (amateur TrBe)
  7288 | D:8      | Killed Jromary's ghost
  7367 | D:8      | Found a staircase to the Lair.
  7385 | D:8      | Received a gift from Trog
  7625 | D:8      | Found a white marble altar of Elyvilon.
  7626 | D:8      | Found a bloodstained altar of Trog.
  7627 | D:8      | Found a deep blue altar of Sif Muna.
  7628 | D:8      | Found a snail-covered altar of Cheibriados.
  7629 | D:8      | Found a glowing golden altar of the Shining One.
  7630 | D:8      | Found a blossoming altar of Fedhas.
  7804 | D:8      | Reached skill level 11 in Polearms
  8062 | Lair:1   | Entered Level 1 of the Lair of Beasts
  8073 | Lair:1   | Noticed a molten gargoyle
  8086 | Lair:1   | Killed a molten gargoyle
  8478 | Lair:1   | Noticed a spiny frog
  8489 | Lair:1   | Killed a spiny frog
  8489 | Lair:1   | Reached skill level 5 in Bows
  8617 | Lair:1   | Noticed a black mamba
  8628 | Lair:1   | Killed a black mamba
  8628 | Lair:1   | Reached XP level 11. HP: 12/97 MP: 3/10
  9227 | Lair:1   | Reached skill level 12 in Polearms
 10278 | Lair:2   | Reached skill level 10 in Fighting
 11362 | Lair:3   | Reached skill level 10 in Armour
 11505 | Lair:3   | Noticed a six-headed hydra
 11510 | Lair:3   | Killed a six-headed hydra
 11818 | Lair:3   | Reached XP level 12. HP: 100/107 MP: 9/11
 11878 | Lair:3   | Reached skill level 13 in Polearms
 12051 | Lair:3   | Reached ****** piety under Trog
 12058 | Lair:3   | Received a gift from Trog
 12735 | Lair:3   | Noticed a five-headed hydra
 12744 | Lair:3   | Killed a five-headed hydra
 12744 | Lair:3   | Reached skill level 10 in Dodging
 13354 | Lair:4   | Received a gift from Trog
 13895 | Lair:5   | Noticed a five-headed hydra
 13904 | Lair:5   | Killed a five-headed hydra
 14069 | Lair:5   | Reached skill level 14 in Polearms
 14378 | Lair:5   | Found a hole to the Spider Nest.
 14421 | Lair:5   | Noticed an eight-headed hydra
 14423 | Lair:5   | Noticed an eight-headed hydra
 14435 | Lair:5   | Killed an eight-headed hydra
 14435 | Lair:5   | Reached skill level 10 in Bows
 14435 | Lair:5   | Reached XP level 13. HP: 116/116 MP: 12/12
 14553 | Lair:5   | Found a staircase to the Swamp.
 15257 | Lair:6   | Found a runed door.
 15267 | Lair:6   | Received a gift from Trog
 15996 | Lair:6   | Found a staircase to the Slime Pits.
 15998 | Lair:6   | Found a viscous altar of Jiyva.
 17002 | Lair:7   | Received a gift from Trog
 17067 | Lair:7   | Reached skill level 15 in Polearms
 17636 | Lair:7   | Received a gift from Trog
 18419 | Lair:8   | Entered Level 8 of the Lair of Beasts
 18460 | Lair:8   | Reached XP level 14. HP: 112/126 MP: 11/13
 18511 | Lair:8   | Received a gift from Trog
 19976 | Lair:8   | Reached skill level 16 in Polearms
 19977 | Lair:8   | Received a gift from Trog
 20741 | Lair:8   | Received a gift from Trog
 21150 | Lair:8   | Found a bloodstained altar of Trog.
 21820 | Lair:7   | Received a gift from Trog
 22586 | D:9      | Received a gift from Trog
 22598 | D:9      | You fall through a shaft for 2 floors!
 22617 | D:10     | Entered Level 10 of the Dungeon
 22617 | D:10     | Noticed Psyche
 22622 | D:10     | Killed Psyche
 22717 | D:10     | Found a staircase to the Orcish Mines.
 22748 | D:10     | Found a shattered altar of Ashenzari.
 22837 | D:10     | Noticed Grum
 22840 | D:10     | Killed Grum
 23037 | D:9      | Found an oddly glowing altar of Pakellas.
 23252 | D:10     | Noticed Urug
 23274 | D:10     | Killed Urug
 23563 | D:10     | Reached XP level 15. HP: 124/134 MP: 11/14
 24174 | D:11     | Found Foset's Book Shop.
 24288 | Orc:1    | Entered Level 1 of the Orcish Mines
 24342 | Orc:1    | Found a roughly hewn altar of Beogh.
 24414 | Orc:1    | Noticed Erolcha
 24419 | Orc:1    | Killed Erolcha
 24467 | Orc:1    | Noticed Snorg
 24480 | Orc:1    | Killed Snorg
 24612 | Orc:2    | Entered Level 2 of the Orcish Mines
 24930 | Orc:1    | Noticed Harold
 24939 | Orc:1    | Killed Harold
 24939 | Orc:1    | Received a gift from Trog
 25188 | Orc:1    | Reached skill level 17 in Polearms
 25193 | Orc:1    | Received a gift from Trog
 25884 | Orc:2    | Found Fetal's Gadget Shoppe.
 25884 | Orc:2    | Found Tytosas's Gadget Shop.
 26009 | Orc:2    | Found a staircase to the Elven Halls.
 26052 | Orc:2    | Found a roughly hewn altar of Beogh.
 26263 | Orc:2    | Found Fatai's Magic Scroll Shoppe.
 26263 | Orc:2    | Found Pohoykue's Book Shop.
 26265 | Orc:2    | Received a gift from Trog
 26268 | Orc:2    | Got a jewelled executioner's axe {god gift}
 26526 | Orc:2    | Identified the +5 executioner's axe of Dominance {holy, SInv} (Trog gifted it to you on level 2 of the Orcish Mines)
 26949 | D:11     | Found Peotsasch's Assorted Antiques.
 28042 | D:12     | Found a glowing silver altar of Zin.
 28212 | D:13     | Received a gift from Trog
 28612 | D:13     | Noticed Frances
 28618 | D:13     | Killed Frances
 29408 | D:13     | Received a gift from Trog
 29430 | D:13     | Found a roughly hewn altar of Beogh.
 29513 | D:13     | Received a gift from Trog
 30069 | D:14     | Gained mutation: Potions and wands are less effective at restoring your health. [a neqoxec]
 30243 | D:14     | Reached XP level 16. HP: 106/145 MP: 13/15
 30255 | D:14     | Found a gate to the Vaults.
 30624 | D:14     | Received a gift from Trog
 30645 | D:15     | Entered Level 15 of the Dungeon
 30894 | D:15     | Noticed Sonja
 30898 | D:15     | Killed Sonja
 30984 | D:15     | Noticed Kirke
 30993 | D:15     | Received a gift from Trog
 31002 | D:15     | Killed Kirke
 31043 | D:15     | Noticed Josephine
 31050 | D:15     | Killed Josephine
 31148 | D:15     | Reached skill level 18 in Polearms
 31211 | D:15     | Noticed Roxanne
 31242 | D:15     | Killed Roxanne
 31248 | D:15     | Identified Roxanne's Almanac of Earth (You took it off Roxanne on level 15 of the Dungeon)
 31590 | D:15     | Found a staircase to the Depths.
 31680 | D:15     | Received a gift from Trog
 31691 | D:15     | Reached skill level 15 in Bows
 32032 | D:15     | Noticed Louise
 32046 | D:15     | Killed Louise
 32456 | D:5      | Bought the +3 scale mail of Supple Strength {rPois MP+9} for 332 gold pieces
 32729 | Swamp:1  | Entered Level 1 of the Swamp
 33084 | Swamp:1  | Received a gift from Trog
 33131 | Swamp:1  | Found a blossoming altar of Fedhas.
 33253 | Swamp:1  | Received a gift from Trog
 33948 | Swamp:2  | Gained mutation: Your muscles are strong. (Str +2) [potion of beneficial mutation]
 35013 | Swamp:3  | Received a gift from Trog
 35217 | Swamp:3  | Annihilated by a titanic slime creature

Skill      XL: |  1  2  3  4  5  6  7  8  9 10 11 12 13 14 15 16 |
---------------+-------------------------------------------------+-----
Fighting       | 4 5 6 7 8 9 10 11 12 13 14 | 14.8
Axes           | 4 |  4.6
Armour         | 3 4 5 6 8 9 10 11 12 13 14 | 14.7
Dodging        | 3 4 5 6 7 8 9 10 11 12 13 | 13.8
Polearms       | 1 3 5 7 10 11 12 14 15 16 17 18 | 18.9
Bows           | 5 8 10 11 13 14 15 | 15.4

Action                   |  1- 3 |  4- 6 |  7- 9 | 10-12 | 13-15 | 16-18 || total
-------------------------+-------+-------+-------+-------+-------+-------++-------
Melee: Hand axe          |    93 |    40 |       |       |       |       ||   133
       Headbutt          |    13 |    19 |    60 |   176 |   287 |    62 ||   617
       Trident           |       |    84 |   372 |   702 |   555 |       ||  1713
       Bardiche          |       |       |       |       |   747 |   262 ||  1009
       Shortbow          |       |       |       |       |     1 |       ||     1
 Fire: Shortbow          |       |       |     6 |   288 |   693 |   427 ||  1414
Invok: Berserk           |       |     1 |     2 |     6 |    10 |     2 ||    21
       Burn Spellbooks   |       |       |     2 |     3 |     1 |     1 ||     7
       Brothers in Arms  |       |       |       |       |     2 |       ||     2
       Trog's Hand       |       |       |       |       |     1 |       ||     1
  Use: Scroll            |       |       |       |    21 |    12 |     5 ||    38
       Potion            |       |       |       |     1 |     1 |     1 ||     3
  Eat: Chunk             |     2 |     5 |    14 |    26 |    58 |    15 ||   120
       Pizza             |       |       |       |     3 |     1 |     1 ||     5
       Beef jerky        |       |       |       |       |     2 |       ||     2
Armor: Animal skin       |     7 |       |       |       |       |       ||     7
       Leather armour    |    23 |    13 |       |       |       |       ||    36
       Chain mail        |       |    34 |    99 |   331 |   494 |    98 ||  1056
       Scale mail        |       |       |       |       |       |    97 ||    97
Dodge: Dodged            |    54 |    54 |   121 |   355 |   685 |   333 ||  1602
